 Dungeon Crawl Stone Soup version 0.25.0-9-g26727b657a (webtiles) character file.

Game seed: 13328346110410066007

56 Lanoc the Poker (level 3, -4/30 HPs)
             Began as a Merfolk Fighter on June 17, 2020.
             Was an Initiate of Ashenzari.
             Killed from afar by an orc wizard (6 damage)
             ... with a magic dart
             ... on level 3 of the Dungeon.
             The game lasted 00:03:28 (1096 turns).

Lanoc the Poker (Merfolk Fighter)                   Turns: 1096, Time: 00:03:29

Health: -4/30      AC: 10    Str: 16    XL:     3   Next: 97%
Magic:  3/3        EV:  7    Int:  7    God:    Ashenzari [......]
Gold:   122        SH:  9    Dex: 14    Spells: 2/2 levels left

rFire    . . .     SeeInvis .   a - +0 trident
rCold    . . .     Gourm    .   c - +0 kite shield
rNeg     + . .     Faith    .   b - +0 scale mail
rPois    .         Spirit   .   (no helmet)
rElec    .         Reflect  .   (no cloak)
rCorr    .         Harm     .   (no gloves)
MR       .....                  (no boots)
Stlth    ..........             (no amulet)
HPRegen  0.10/turn              h - +4 ring of protection
MPRegen  0.08/turn              o - ring of positive energy

@: slowed, very slow
A: change form in water, swift swim, stealthy swim
a: Curse Item, Renounce Religion


You were on level 3 of the Dungeon.
You worshipped Ashenzari.
Ashenzari was noncommittal.
You were not hungry.

You visited 1 branch of the dungeon, and saw 3 of its levels.

You collected 122 gold pieces.

Inventory:

Hand Weapons
 a - a +0 trident (weapon)
Armour
 b - a +0 scale mail (worn)
 c - a +0 kite shield (worn)
Jewellery
 h - a +4 ring of protection (left hand)
 o - a ring of positive energy (right hand)
Scrolls
 e - a scroll of blinking {unknown}
 g - a scroll of enchant weapon {unknown}
 i - a scroll of amnesia {unknown}
 j - a scroll of enchant armour {unknown}
 m - a scroll of identify {unknown}
Potions
 d - a potion of might
 k - a potion of heal wounds {unknown}
 n - a potion of flight {unknown}
 p - a potion of berserk rage {unknown}
 q - a potion of stabbing {unknown}
 r - 2 potions of degeneration {unknown}
 s - a potion of ambrosia {unknown}
Comestibles
 f - a ration
 l - 2 chunks of flesh


   Skills:
 + Level 3.6 Fighting
 * Level 4.2 Polearms
 + Level 2.4 Armour
 + Level 1.5 Dodging
 + Level 3.3 Shields


You had 2 spell levels left.
You didn't know any spells.
Your spell library was empty.

Dungeon Overview and Level Annotations

Branches:
Dungeon (3/15)

Altars:
Ashenzari
Trog
Yredelemnul


Message History

The orc priest miscasts a cantrip.
Found a sedimented emerald potion.
You hit the orc.
The orc is heavily wounded.
You hit the orc wizard.
The orc wizard is moderately wounded.
The orc wizard hits you with a +0 dagger.
You block the orc wizard's attack. The orc hits you but does no damage. x2
The orc wizard hits you but does no damage.
The orc priest calls down the wrath of Beogh upon you.
Beogh smites you!
Ouch! That really hurt!
The orc wizard points at you and mumbles some strange words.
You feel yourself slow down.
The orc priest calls down the wrath of Beogh upon you.
Beogh smites you!
* * * LOW HITPOINT WARNING * * *
The orc wizard points at you and mumbles some strange words.
The magic dart hits you.
You die...

###........ #.....(.....###
.......... #.....)........
......... .#..........####
......... ...............#
........####..............#
..........................#
....o............##.......#
......ooo........##.......#
........o.@......##.......#
###.....####.....##.......#
.....### #.....##.......#
...... #.....##.......#
.!.... #.....####.#####
...... #####...####.......#
..... ##...#...####.......#
#...... #...........+.......#
#......##..........[#.......#


You could see an orc priest, an orc wizard (fast) and 3 orcs.

Vanquished Creatures
  A worker ant (D:3)
  An ooze (D:3)
  4 orcs (D:3)
  A ball python (D:2)
  3 bats
  2 goblins
  3 hobgoblins
  3 kobolds
  A quokka (D:3)
  5 rats
24 creatures vanquished.

Notes
Turn   | Place    | Note
-------+----------+-------------------------------------------
     0 | D:1      | Lanoc the Merfolk Fighter began the quest for the Orb.
     0 | D:1      | Reached XP level 1. HP: 18/18 MP: 1/1
   193 | D:2      | Found a basalt altar of Yredelemnul.
   232 | D:2      | Reached XP level 2. HP: 24/24 MP: 2/2
   303 | D:2      | Found a shattered altar of Ashenzari.
   327 | D:2      | Became a worshipper of Ashenzari the Shackled
   383 | D:2      | Found a bloodstained altar of Trog.
   792 | D:3      | Reached skill level 1 in Dodging
   803 | D:3      | Reached XP level 3. HP: 14/29 MP: 3/3
   805 | D:3      | Reached skill level 4 in Polearms
  1096 | D:3      | Killed from afar by an orc wizard

Illustrated notes

Levels and vault maps discovered:
D:1:      eino_arrival_water_cross, layout_basic
D:2:      layout_basic, ashenzari_altar_1, yredelemnul_altar_generic,
          bloody_trog
D:3:      layout_basic

Skill      XL: |  1  2  3 |
---------------+----------+-----
Dodging        | 1 |  1.5
Polearms       | 4 |  4.2
Fighting       | |  3.6
Armour         | |  2.4
Shields        | |  3.3

Action                   || total
-------------------------++-------
Melee: Trident           ||    69
  Use: Potion            ||     2
  Eat: Chunk             ||     1
Armor: Scale mail        ||    32
Dodge: Dodged            ||    24
Block: Kite shield       ||    45
